 Dungeon Crawl Stone Soup version 0.30-a0-802-gb92711bcdf (webtiles) character file.

Game seed: 7171561069168184377

670 bmack86 the Chopper (level 7, -6/61 HPs)
             Began as a Minotaur Fighter on Feb 24, 2023.
             Was an Initiate of Okawaru.
             Mangled by Duvessa
             ... wielding a +0 rapier
              (11 damage)
             ... on level 5 of the Dungeon.
             The game lasted 00:11:14 (3076 turns).

bmack86 the Chopper (Minotaur Fighter)              Turns: 3076, Time: 00:11:15

Health: -6/61      AC: 12    Str: 23    XL:     7   Next: 32%
Magic:  6/6        EV:  6    Int:  5    God:    Okawaru [......]
Gold:   174        SH:  4    Dex:  9    Spells: 6/6 levels left

rFire   + . .      SeeInvis .    i - +8 mithril axe "Arga" {speed, Will+}
rCold   + . .      Faith    .    c - +0 buckler
rNeg    . . .      Spirit   .    f - +0 plate armour
rPois   .          Reflect  .    (helmet restricted)
rElec   .          Harm     .    q - scarf {rC+ rF+}
rCorr   .          Rampage  .    (no gloves)
Will    +....                    (no boots) Stlth
                                 (no amulet)
HPRegen 0.30/turn                (no ring)
MPRegen 0.10/turn                (no ring)

@: mighty
A: horns 2, retaliatory headbutt
a: Renounce Religion


You were on level 5 of the Dungeon.
You worshipped Okawaru.
Okawaru was noncommittal.
You visited 2 branches of the dungeon, and saw 6 of its levels.

You collected 174 gold pieces.

Inventory:

Hand Weapons
 a - a +0 war axe
 i - the +8 mithril axe "Arga" (weapon) {speed, Will+}
   (You acquired it on level 2 of the Dungeon)

   Will:      It increases your willpower.
Missiles
 p - 2 silver javelins (quivered)
Armour
 b - a +0 scale mail
 c - a +0 buckler (worn)
 f - a +0 plate armour (worn)
 q - a scarf of resistance (worn)
Jewellery
 t - an amulet of magic regeneration
Wands
 k - a wand of iceblast (11)
Scrolls
 e - a scroll of vulnerability
 l - a scroll of noise {unknown}
 m - 5 scrolls of teleportation
 r - a scroll of blinking {unknown}
 s - a scroll of poison {unknown}
Potions
 g - 3 potions of attraction {unknown}
 h - a potion of curing
 j - 3 potions of resistance
 n - a potion of heal wounds {unknown}
 o - a potion of degeneration {unknown}


   Skills:
 + Level 5.4 Fighting
 * Level 6.1 Axes
 + Level 2.2 Throwing
 + Level 5.3 Armour
 + Level 5.3 Shields
 + Level 1.0 Invocations


You had 6 spell levels left.
You didn't know any spells.
Your spell library contained the following spells:

 Spells                   Type           Power      Damage    Failure   Level
 Blink                    Tloc           0%         N/A       100%        2
 Sublimation of Blood     Necr           0%         N/A       100%        2
 Wereblood                Tmut           0%         N/A       100%        2
 Inner Flame              Hex/Fire       0%         N/A       100%        3
 Cause Fear               Hex            0%         N/A       100%        4
 Manifold Assault         Tloc           0%         N/A       100%        4
 Petrify                  Tmut/Erth      0%         N/A       100%        4
 Irradiate                Conj/Tmut      0%         3d11      100%        5
 Storm Form               Tmut/Air       0%         N/A       100%        7
 Discord                  Hex            0%         N/A       100%        8
 Summon Hydra             Summ           Unusable   N/A       N/A         7

Dungeon Overview and Level Annotations

Branches:
Dungeon (5/15)             Temple (1/1) D:5

Altars:
Ashenzari
Dithmenos
Elyvilon
Gozag
Kikubaaqudgha
Makhleb
Nemelex Xobeh
Okawaru
Ru
Sif Muna
Vehumet
Wu Jian
Xom
Yredelemnul
Zin

Shops:
D:4 (   D:5 [

Annotations:
D:5 Duvessa


Innate Abilities, Weirdness & Mutations

You have a pair of horns on your head.
You reflexively headbutt those who attack you in melee.


Message History

You hear an angry hiss.
Things that are here:
a +0 dagger; a +0 robe You slice the hound!!
You kill the hound!
Okawaru accepts your kill.
You closely miss the centaur. You slash Duvessa!
Duvessa hits you with a +0 rapier!
* * * LOW HITPOINT WARNING * * *
You block the centaur's attack.
The centaur kicks you but does no damage.
Your Axes skill increases to level 6!
You feel very mighty all of a sudden. You block Duvessa's attack.
The centaur hits you but does no damage.
The centaur barely misses you. The jackal bites you.
* * * LOW HITPOINT WARNING * * *
You slash Duvessa!
Duvessa is almost dead.
You slash the centaur! You slash the jackal!
You kill the jackal!
Okawaru accepts your kill.
The centaur hits you but does no damage.
The centaur kicks you but does no damage.
You block Duvessa's attack. The centaur hits you.
* * * LOW HITPOINT WARNING * * *
You block the centaur's attack. Duvessa hits you but does no damage.
You slash the centaur!
You kill the centaur!
Okawaru accepts your kill.
You hit Duvessa. Duvessa hits you but does no damage.
Your Invocations skill increases to level 1!
You barely miss Duvessa.
Duvessa is almost dead.
You slash the iguana! You closely miss the jackal.
Duvessa hits you with a +0 rapier.
* * * LOW HITPOINT WARNING * * *
The iguana barely misses you. The jackal barely misses you.
Duvessa hits you with a +0 rapier!
You die...

..............#
....#####.####
# #..# #.#
#.##..#####.#
#...........#
#.##..#######
##....#
#.#.#e#.#>#.#
#...h@.......
....#.#l#.#.#.#
.......S......
.##.#.#.#.#.#.#
..............
!##.# #.# #.#.#
#. ... .... .
#.# #.


You could see Duvessa (berserk), a water moccasin, an iguana and a jackal.

Vanquished Creatures
  An ogre (D:4)
  A centaur (D:5)
  A phantom (D:4)
  A scorpion (D:5)
  Dowan (D:5)
  2 hounds
  9 gnolls
  7 adders
  2 worms
  A dart slug (D:4)
  17 orcs
  8 ball pythons
  4 bats
  6 endoplasms
  3 giant cockroaches
  4 goblins
  10 hobgoblins
  4 jackals
  6 quokkas
  4 frilled lizards
  6 kobolds
  7 rats
105 creatures vanquished.

Notes
Turn   | Place    | Note
-------+----------+-------------------------------------------
     0 | D:1      | bmack86 the Minotaur Fighter began the quest for the Orb.
     0 | D:1      | Reached XP level 1. HP: 19/19 MP: 0/0
   213 | D:1      | Reached XP level 2. HP: 21/27 MP: 1/1
   253 | D:1      | Reached skill level 3 in Axes
   598 | D:2      | Reached XP level 3. HP: 27/33 MP: 2/2
   897 | D:2      | Reached XP level 4. HP: 30/40 MP: 3/3
  1224 | D:2      | Identified a scroll of acquirement
  1224 | D:2      | Acquired the +8 mithril axe "Arga" {speed, Will+}
  1224 | D:2      | Found the +8 mithril axe "Arga" {speed, Will+}
  1316 | D:3      | Reached skill level 4 in Axes
  1741 | D:3      | Reached XP level 5. HP: 47/47 MP: 4/4
  2183 | D:4      | Noticed a phantom
  2191 | D:4      | Killed a phantom
  2192 | D:4      | Reached skill level 5 in Axes
  2192 | D:4      | Reached skill level 1 in Throwing
  2197 | D:4      | Noticed an ogre
  2202 | D:4      | Killed an ogre
  2203 | D:4      | Reached XP level 6. HP: 55/55 MP: 5/5
  2265 | D:4      | Reached skill level 5 in Fighting
  2268 | D:4      | Found a shadowy altar of Dithmenos.
  2348 | D:4      | Found Nuugagy's Weapon Shop.
  2414 | D:4      | Reached skill level 5 in Armour
  2414 | D:4      | Reached skill level 5 in Shields
  2414 | D:4      | Found a shimmering altar of Xom.
  2483 | D:4      | HP: 1/56 [gnoll/+2 spear of venom (8)]
  2780 | D:5      | Entered Level 5 of the Dungeon
  2780 | D:5      | Found Dioruhut's Armour Boutique.
  2797 | D:5      | Found a staircase to the Ecumenical Temple.
  2810 | Temple   | Entered the Ecumenical Temple
  2904 | Temple   | Became a worshipper of Warmaster Okawaru
  2968 | D:5      | Found a white marble altar of Elyvilon.
  3010 | D:5      | Reached XP level 7. HP: 61/61 MP: 6/6
  3064 | D:5      | Noticed Duvessa
  3065 | D:5      | Noticed Dowan
  3070 | D:5      | Killed Dowan
  3073 | D:5      | Reached skill level 6 in Axes
  3076 | D:5      | Reached skill level 1 in Invocations
  3076 | D:5      | Mangled by Duvessa

Illustrated notes

Levels and vault maps discovered:
D:1:      dpeg_arrival_castle, layout_rooms
D:2:      layout_loops_ring
D:3:      layout_loops_ring
D:4:      layout_rooms, tgw_xom, nicolae_dithmenos_the_darkroom, serial_shops,
          shop, dk_noncrumbling_2
D:5:      gammafunk_cloud_chamber, layout_basic, elyvilon_altar_1,
          minmay_temple_entry_grid, serial_shops, nicolae_shop_hallway_stairs,
          gammafunk_ghost_mausoleum, st_stairs_10, uniq_blork_the_orc,
          uniq_duvessa
Temple:   nicolae_temple_bog_church

Skill      XL: |  1  2  3  4  5  6  7 |
---------------+----------------------+-----
Axes           | 3 4 5 6 |  6.1
Fighting       | 4 5 |  5.4
Armour         | 4 5 |  5.3
Shields        | 4 5 |  5.3
Throwing       | 1 2 |  2.2
Invocations    | 1 |  1.0

Action                     |  1- 3 |  4- 6 |  7- 9 || total
---------------------------+-------+-------+-------++-------
  Melee: War axe           |    65 |    13 |       ||    78
         Headbutt          |     7 |    15 |     1 ||    23
         Broad axe         |       |    96 |     6 ||   102
  Throw: Javelin           |       |     4 |       ||     4
    Use: Scroll            |     1 |     5 |       ||     6
         Potion            |       |     3 |     1 ||     4
 Armour: Scale mail        |    23 |       |       ||    23
         Plate armour      |    23 |    52 |    14 ||    89
  Dodge: Dodged            |    31 |    20 |     8 ||    59
  Block: Buckler           |    17 |    18 |     8 ||    43

Table legend: (Time is in decaauts)
 A = Elapsed time spent in this place.
 B = Non-inter-level travel time spent in this place.
 C = Inter-level travel time spent in this place.
 D = Time resting spent in this place.
 E = Time spent auto-exploring this place.
 F = Levels seen in this place.
 G = Mean time per level.
                   A        B        C        D        E       F      G
               +--------+--------+--------+--------+--------+-----+--------+
         Total |   3115 |   3004 |    111 |      0 |   1953 |   6 |  519.2 |
       Dungeon |   2993 |   2887 |    106 |      0 |   1864 |   5 |  598.6 |
        Temple |    121 |    116 |      5 |      0 |     89 |   1 |  121.0 |
               +--------+--------+--------+--------+--------+-----+--------+

Top non-repeatable levels by time:
     D:4: 821 daAuts
     D:2: 695 daAuts
     D:3: 692 daAuts
     D:1: 604 daAuts
     D:5: 179 daAuts
  Temple: 121 daAuts
